 Dungeon Crawl Stone Soup version 0.24.0-35-gdb84b6a5db (webtiles) character file.

Game seed: 10496715603728134291, levelgen mode: deterministic

159 Curus the Twirler (level 5, 0/38 HPs)
             Began as a Demonspawn Gladiator on Nov 18, 2019.
             Slain by a rat (3 damage)
             ... on level 3 of the Dungeon.
             The game lasted 00:06:59 (1647 turns).

Curus the Twirler (Demonspawn Gladiator)            Turns: 1647, Time: 00:07:00

Health: 0/38       AC:  3    Str: 15    XL:     5   Next: 17%
Magic:  5/5        EV: 11    Int:  9    God:
Gold:   121        SH:  0    Dex: 17    Spells: 4/4 levels left

rFire    . . .     SeeInvis .   a - +0 quarterstaff
rCold    . . .     Gourm    .   (shield currently unavailable)
rNeg     . . .     Faith    .   b - +0 leather armour
rPois    .         Spirit   .   (helmet restricted)
rElec    .         Reflect  .   (no cloak)
rCorr    .         Harm     .   (no gloves)
MR       .....                  (no boots)
Stlth    ++........             (no amulet)
HPRegen  1.12/turn              (no ring)
MPRegen  0.09/turn              (no ring)

@: heavily drained
A: antennae 1, thin skeletal structure 1, powered by death 1
a: no special abilities


You were on level 3 of the Dungeon.
You were hungry.

You visited 1 branch of the dungeon, and saw 3 of its levels.

You collected 121 gold pieces.

Inventory:

Hand Weapons
 a - a +0 quarterstaff (weapon)
Missiles
 d - a throwing net (quivered)
Armour
 b - a +0 leather armour (worn)
 c - a +0 helmet
Jewellery
 e - an uncursed ring of fire
Wands
 i - a wand of flame (16)
Scrolls
 g - a scroll of teleportation
 h - a scroll of identify
Comestibles
 f - 8 rations


   Skills:
 - Level 2.0(0.0) Fighting
 + Level 5.4(2.8) Staves
 - Level 1.7(0.0) Throwing
 - Level 2.6(0.2) Dodging


You had 4 spell levels left.
You didn't know any spells.
Your spell library was empty.

Dungeon Overview and Level Annotations

Branches:
Dungeon (3/15)

Altars:
Fedhas
The Shining One


Innate Abilities, Weirdness & Mutations

You have a pair of small antennae on your head.
You have a somewhat thin skeletal structure. (Dex +2, Stealth)
You regenerate a little health from kills.


Message History

Throwing (i - inventory)
d - 2 throwing nets (quivered)
Press: ? - help, Shift-Dir - straight line, f/p - orc
Aim: an orc, wielding a +2 dagger of draining and wearing a +0 leather armour (moderately wounded)
You throw a throwing net. The throwing net barely misses the orc.
The throwing net barely misses the quokka.
The orc misses you. The rat closely misses you.
You hit the orc.
The orc is severely wounded.
The orc hits you with a +2 dagger of draining.
* * * LOW HITPOINT WARNING * * *
You feel drained.
* * * LOW HITPOINT WARNING * * *
The rat barely misses you.
The orc hits you with a +2 dagger of draining.
* * * LOW HITPOINT WARNING * * *
You feel drained.
You hit the orc.
You kill the orc!
The rat bites you.
You die...

#..##...........##
#........###.....#
##.##.##.# ##...###
#.......# #.......
###...### #.#.###.
#.......# #.#.....
#.......# #.#'###.
#.r.....# #....##.
#@#...#####...)(#(
#r#...# ##........
#....## #.....(...
........).....+.........
#######....####.........
..(...# ##....)..#
o#####.# ##.....## #.
#.# ##...## # #.# ##+##


You could see a quokka and a rat.

Vanquished Creatures
  An orc wizard (D:3)
  Jessica (D:3)
  3 adders (D:2)
  4 dart slugs
  2 leopard geckos
  6 orcs (D:3)
  A ball python (D:1)
  3 giant cockroaches
  4 goblins
  7 hobgoblins
  7 jackals
  6 kobolds
  6 bats
  5 frilled lizards
  4 rats
60 creatures vanquished.

Notes
Turn   | Place    | Note
-------+----------+-------------------------------------------
     0 | D:1      | Curus the Demonspawn Gladiator began the quest for the Orb.
     0 | D:1      | Reached XP level 1. HP: 16/16 MP: 1/1
   181 | D:1      | Reached skill level 3 in Staves
   239 | D:1      | Gained mutation: You regenerate a little health from kills.
                  | [demonic ancestry]
   239 | D:1      | Reached XP level 2. HP: 13/22 MP: 2/2
   486 | D:1      | Reached XP level 3. HP: 21/27 MP: 3/3
   684 | D:2      | Found a blossoming altar of Fedhas.
   721 | D:2      | Reached skill level 4 in Staves
  1009 | D:2      | Gained mutation: You have a somewhat thin skeletal
                  | structure. (Dex +2, Stealth) [demonic ancestry]
  1009 | D:2      | Reached XP level 4. HP: 29/33 MP: 4/4
  1180 | D:2      | Found a runed translucent door.
  1246 | D:3      | Found a glowing golden altar of the Shining One.
  1292 | D:3      | Noticed Jessica
  1297 | D:3      | Killed Jessica
  1297 | D:3      | Reached skill level 5 in Staves
  1596 | D:3      | Gained mutation: You have a pair of small antennae on your
                  | head. [demonic ancestry]
  1596 | D:3      | Reached XP level 5. HP: 19/38 MP: 5/5
  1646 | D:3      | HP: 1/38 [orc/+2 dagger of draining (2)]
  1647 | D:3      | Slain by a rat

Levels and vault maps discovered:
D:1:      tarquinn_simple_flora_water_d, layout_loops_ring
D:2:      layout_basic, fedhas_altar_2, uniq_crazy_yiuf_cottage
D:3:      layout_loops_corners, cheibrodos_ashenzari_chains, lemuel_round_altar,
          kennysheep_generic_room_11, uniq_jessica, uniq_robin

Skill      XL: |  1  2  3  4 |
---------------+-------------+-----
Staves         | 3 4 5 |  5.4
Fighting       | |  2.0
Throwing       | |  1.7
Dodging        | |  2.6

Action                   |  1- 3 |  4- 6 || total
-------------------------+-------+-------++-------
Melee: Quarterstaff      |    87 |    70 ||   157
Throw: Throwing net      |       |     2 ||     2
  Use: Scroll            |     4 |       ||     4
       Potion            |     3 |     1 ||     4
 Stab: Sleeping          |     2 |     1 ||     3
  Eat: Chunk             |       |     2 ||     2
Armor: Leather armour    |    16 |    14 ||    30
Dodge: Dodged            |    38 |    45 ||    83
